 Dungeon Crawl Stone Soup version 0.19.1-1-g22dce08 (webtiles) character file.

321 kae the Chopper (level 6, -9/56 HPs)
             Began as a Hill Orc Fighter on Dec 30, 2016.
             Was an Initiate of Beogh.
             Mangled by an orc warrior
             ... wielding a +0 halberd
              (14 damage)
             ... on level 4 of the Dungeon.
             The game lasted 00:02:05 (2721 turns).

kae the Chopper (Hill Orc Fighter)                  Turns: 2721, Time: 00:02:06

Health: -9/56      AC:  7    Str: 21    XL:     6   Next: 46%
Magic:  6/6        EV:  7    Int:  8    God:    Beogh [......]
Gold:   206        SH:  9    Dex: 10    Spells: 0 memorised, 5 levels left

rFire  . . .     SeeInvis .     a - +1 war axe
rCold  . . .     Gourm    .     b - +0 scale mail
rNeg   . . .     Faith    .     c - +0 shield
rPois  .         Spirit   .     (no helmet)
rElec  .         Reflect  .     (no cloak)
rCorr  .         Harm     .     (no gloves)
MR     .....                    (no boots)
Stlth  ..........               g - amulet of magic regeneration
                                (no ring)
                                (no ring)

@: no status effects
A: no striking features
a: Renounce Religion


You were on level 4 of the Dungeon.
You worshipped Beogh.
Beogh was noncommittal.
You were very hungry.

You visited 1 branch of the dungeon, and saw 4 of its levels.

You collected 206 gold pieces.

Inventory:

Hand Weapons
 a - a +1 war axe (weapon)
Armour
 b - a +0 scale mail (worn)
 c - a +0 shield (worn)
Jewellery
 g - an amulet of magic regeneration (around neck)
Wands
 n - a wand of acid (5/15)
Scrolls
 h - 3 scrolls of identify
 i - a scroll of amnesia
 j - a scroll of enchant weapon
 k - a scroll of remove curse
Potions
 d - 2 potions of might
 e - a potion of brilliance {unknown}
 l - a potion of lignification
 m - 2 potions of resistance
 o - 2 potions of haste {unknown}
 p - a potion of curing
 r - a potion of berserk rage {unknown}
Comestibles
 f - 3 bread rations
 q - a slice of pizza
 s - 3 fruits


   Skills:
 + Level 5.0 Fighting
 * Level 6.5 Axes
 + Level 4.9 Armour
 - Level 3.2 Shields


You had 5 spell levels left.
You didn't know any spells.

Dungeon Overview and Level Annotations

Branches:
Dungeon (4/15)
 Temple: D:4-7

Altars:
Cheibriados
Qazlal
Ru


Message History

The orc warrior hits you with a halberd!!
You are too injured to fight recklessly!
You are too injured to fight recklessly!
You are too injured to fight recklessly!
You are too injured to fight recklessly!
You are too injured to fight recklessly!
You are too injured to fight recklessly!
You are too injured to fight recklessly!
You barely miss the orc warrior.
The orc warrior is lightly wounded.
The orc warrior hits you with a halberd!
You slash the orc warrior!
The orc warrior is heavily wounded.
The orc warrior hits you with a halberd!
* * * LOW HITPOINT WARNING * * *
You hit the orc warrior.
The orc warrior is severely wounded.
The orc warrior hits you with a halberd!
You die...
Beogh appreciates the orc warrior's killing of a heretic priest.

...## #...#
...# #..#
...# ...#
#.. ...#
...# #..#
...## ...#
#.. #....#
...## #..##
#.... ....#
#..##...#
....##
#...#?.#
..#..##
##..@o#
####..##
##.....# #
##..#
##..###.#
##.####..##
#.#
##.##.###
#.# ##..##
## ####


You could see an orc warrior.

Vanquished Creatures
  A hound (D:4)
  2 orc wizards
  A worker ant (D:4)
  3 gnolls (D:3)
  8 adders
  An ooze (D:2)
  2 worms (D:2)
  A dart slug (D:3)
  6 leopard geckos
  11 orcs
  7 bats
  3 giant cockroaches
  7 hobgoblins
  4 jackals (D:3)
  8 kobolds
  2 quokkas
  2 ball pythons (D:3)
  3 frilled lizards
  9 goblins
  6 rats
87 creatures vanquished.

Vanquished Creatures (others)
  2 orcs (D:4)
2 creatures vanquished.

Grand Total: 89 creatures vanquished

Notes
Turn   | Place    | Note
-------+----------+-------------------------------------------
     0 | D:1      | kae the Hill Orc Fighter began the quest for the Orb.
     0 | D:1      | Reached XP level 1. HP: 19/19 MP: 1/1
    83 | D:1      | Reached skill level 3 in Axes
   295 | D:1      | Reached XP level 2. HP: 27/27 MP: 2/2
   973 | D:1      | Reached XP level 3. HP: 33/33 MP: 3/3
  1037 | D:2      | Reached skill level 4 in Axes
  1556 | D:2      | Reached XP level 4. HP: 40/40 MP: 4/4
  1634 | D:3      | Reached skill level 5 in Axes
  1634 | D:3      | Reached XP level 5. HP: 47/47 MP: 5/5
  1657 | D:3      | Found a stormy altar of Qazlal.
  1657 | D:3      | Found a snail-covered altar of Cheibriados.
  1664 | D:3      | Found a sacrificial altar of Ru.
  1666 | D:3      | Found a faded altar of an unknown god.
  1668 | D:3      | Found a faded altar of an unknown god.
  2188 | D:3      | Reached skill level 6 in Axes
  2189 | D:3      | Reached XP level 6. HP: 42/53 MP: 6/6
  2403 | D:4      | Became a worshipper of Beogh the Brigand
  2439 | D:4      | Noticed an orc warrior
  2584 | D:4      | Reached skill level 5 in Fighting
  2721 | D:4      | Mangled by an orc warrior

Skill      XL: |  1  2  3  4  5  6 |
---------------+-------------------+-----
Axes           | 3 4 5 6 |  6.5
Fighting       | 4 5 |  5.0
Armour         | 4 |  4.9
Shields        | |  3.2

Action                   |  1- 3 |  4- 6 || total
-------------------------+-------+-------++-------
Melee: War axe           |   128 |   130 ||   258
Invok: Convert to Beogh  |       |     1 ||     1
  Use: Scroll            |       |     9 ||     9
  Eat: Chunk             |     2 |     3 ||     5
Armor: Scale mail        |    62 |    42 ||   104
Dodge: Dodged            |    43 |    40 ||    83
Block: Shield            |    69 |    77 ||   146
